[Event "*** Titled Tuesday Blitz"]
[Site "Chess.com"]
[Date "2019.08.06"]
[Round "6"]
[White "SanchezKelvin"]
[Black "kesarev"]
[Result "0-1"]
[WhiteElo "2440"]
[BlackElo "2488"]
[TimeControl "180+2"]
[EndTime "14:24:10 PDT"]
[Termination "kesarev won on time"]

1. d4 g6 2. c4 Bg7 3. Nc3 Nf6 4. e4 O-O 5. Nf3 d6 6. Be2 e5 7. O-O Nc6 8. d5 Ne7 9. Ne1 Nd7 10. Nd3 f5 11. Bd2 Nf6 12. f3 f4 13. Rc1 g5 14. c5 Ng6 15. cxd6 cxd6 16. Nf2 Rf7 17. a4 h5 18. h3 Bf8 19. Qb3 Nh4 20. Be1 Rg7 21. Nb5 g4 22. hxg4 hxg4 23. fxg4 Nxg4 24. Nxg4 Bxg4 25. Bxg4 Rxg4 26. Qh3 Qg5 27. Bxh4 Qxh4 28. Qxh4 Rxh4 29. Rc7 a6 30. Nc3 b5 31. a5 Rg4 32. Rf3 Bg7 33. Nd1 b4 34. Nf2 Rg6 35. Rb3 Rb8 36. Rc6 Rb5 37. Rxa6 Rc5 38. Ra8+ Kf7 39. a6 Rc1+ 40. Kh2 Rc2 41. a7 Rxf2 42.
Rf8+ Bxf8 43. a8=Q Rfxg2+ 44. Kh3 R2g5 45. Qa7+ Be7 46. Kh2 Rg2+ 47. Kh1 Rc2 48. Rxb4 Rc1+ 49. Kh2 Rc2+ 50.
Kh1 f3 51. Rb3 Rh6+ 52. Kg1 Rg2+ 0-1

[Event "*** Titled Tuesday Blitz"]
[Site "Chess.com"]
[Date "2019.08.06"]
[Round "6"]
[White "Kimster98"]
[Black "vugarrasulov"]
[Result "1/2-1/2"]
[WhiteElo "2619"]
[BlackElo "2828"]
[TimeControl "180+2"]
[EndTime "14:24:14 PDT"]
[Termination "Game drawn by repetition"]

1. Nf3 c5 2. c4 Nf6 3. Nc3 Nc6 4. g3 g6 5. d4 cxd4 6. Nxd4 d6 7. Bg2 Bd7 8. O-O Bg7 9. b3 O-O 10. Bb2 a6 11. Nd5 Nxd5 12. Bxd5 Qb6 13. e3 Rac8 14. Qd2 Rfd8 15. Rac1 Bh3 16. Bg2 Bxg2 17. Kxg2 Ne5 18. e4 h5 19. Nf3 Qc6 20. Nxe5 dxe5 21. Qe2 Rd7 22. Rfd1 Rcd8 23. f3 Bf6 24. Bc3 h4 25. gxh4 Qe6 26. Rxd7 Qxd7 27. Rc2 Qd3 28. Qxd3 Rxd3 29.
Kf2 Rd1 30. h5 gxh5 31. Rd2 Rc1 32. Bb4 Kg7 33. Rd7 Rc2+ 34. Kg1 Bg5 35. Rxb7 h4 36. h3 Be3+ 37. Kh1 Rxa2 38. Bxe7 Bf4 39. Bxh4 Rh2+ 40.
Kg1 Rxh3 41. Bf2 Rxf3 42. Kg2 Rc3 43. Rb6 a5 44. Rb5 Kg6 45. Rxa5 Rxb3 46. c5 Rc3 47. Ra8 f5 48. exf5+ Kxf5 49. Ra4 Kg4 50. Ra6 Rc2 51. Kf1 e4 52. Ra3 Kf5 53. Bd4 Ke6 54. Rc3 Rd2 55. Be3 Bxe3 56. Rxe3 Kd5 57. Rc3 Kd4 58. c6 Kxc3 59. c7 Rd1+ 60. Ke2 Rd2+ 61. Ke3 Rd3+ 62. Ke2 Rd2+ 63. Ke3 Rd3+ 64. Ke2 Rd2+ 1/2-1/2

[Event "*** Titled Tuesday Blitz"]
[Site "Chess.com"]
[Date "2019.08.06"]
[Round "6"]
[White "OlympusMons95"]
[Black "Zubrrr"]
[Result "1-0"]
[WhiteElo "2668"]
[BlackElo "2712"]
[TimeControl "180+2"]
[EndTime "14:24:14 PDT"]
[Termination "OlympusMons95 won by resignation"]

1. Nf3 d6 2. d4 Nc6 3. e4 g6 4.
h3 Bg7 5. Be3 e5 6. dxe5 Nxe5 7.
Nc3 Nxf3+ 8. Qxf3 Be6 9. Bd3 c6 10. O-O Qa5 11. Bd2 Qb6 12. Rab1 Ne7 13. Ne2 Bxa2 14.
Ra1 Be6 15. Qg3 Qc7 16. c3 O-O 17. Nd4 Bd7 18. Bg5 Rfe8 19. Qh4 Be6 20. Kh1 a6 21. f4 c5 22. f5 cxd4 23. f6 Bf8 24. Bh6 Kh8 25. Bxf8 Rxf8 26. fxe7 Rfe8 27. cxd4 Qxe7 28.
Qf4 Bd7 29. Qxf7 Be6 30. Qf4 Rf8 31. Qg3 Rxf1+ 32. Rxf1 Rf8 33. Rxf8+ Qxf8 34. d5 Bd7 35. e5 dxe5 36. Qxe5+ Kg8 37. Bc4 Qc5 38. Qf4 b5 39. Bb3 Kg7 40. d6 Qf5 41. Qd4+ Kh6 42. Qe3+ Kg7 43. Qe7+ Kh6 44. Qe3+ Kg7 45. Qd4+ Kh6 46.
Kh2 g5 47. Kg1 a5 48. Bd1 Qf4 49. Qxf4 gxf4 50. Bg4 Bc6 51. d7 Bxd7 52. Bxd7 b4 53. b3 Kg5 54. Kf2 Kf6 55. Kf3 Ke5 56. Bc6 h5 57. h4 Kf5 58. Be4+ Ke5 59. Bc2 Kd4 60.
Kxf4 Kc3 61. Bd1 1-0

[Event "*** Titled Tuesday Blitz"]
[Site "Chess.com"]
[Date "2019.08.06"]
[Round "6"]
[White "Supernotar"]
[Black "dmosesov"]
[Result "1-0"]
[WhiteElo "2631"]
[BlackElo "2548"]
[TimeControl "180+2"]
[EndTime "14:24:17 PDT"]
[Termination "Supernotar won by resignation"]

1. d4 Nf6 2. c4 b6 3. Nf3 Bb7 4.
Nbd2 g6 5. g3 Bg7 6. Bg2 O-O 7.
O-O d6 8. Qc2 Nbd7 9. e4 e5 10.
Rb1 a5 11. b3 exd4 12. Nxd4 Nc5 13. Bb2 Re8 14. Rfe1 Ng4 15. Rbd1 Ne5 16. Nb1 Qe7 17.
Nc3 Ne6 18. Nde2 Qf8 19. h3 f5 20. f4 Nc6 21. exf5 gxf5 22. Nd5 Nb4 23. Qb1 Bxb2 24.
Qxb2 Bxd5 25. Bxd5 Nxd5 26. Rxd5 a4 27. Qc2 axb3 28. axb3 Ra5 29. Red1 Rxd5 30. cxd5 Nc5 31. b4 Qe7 32. Kf1 Ne4 33. Rd3 Qg7 34. Kg2 h5 35.
Kh2 Kh7 36. Nd4 Qg6 37. Qxc7+ Kh6 38. Ne6 Ra8 39. Qc2 Ra1 40. Qb2 Re1 41. Qh8+ Qh7 42.
Qf8+ Kg6 43. Ra3 Qf7 44. Qh8 Re2+ 45. Kg1 Re1+ 46. Kg2 Re2+ 47. Kf1 Rf2+ 48. Kg1 Rc2 49. Ra8 Rc1+ 50. Kg2 Rc2+ 51. Kf1 Nxg3+ 52. Ke1 Re2+ 53. Kd1 Rxe6 54. Rg8+ 1-0

[Event "*** Titled Tuesday Blitz"]
[Site "Chess.com"]
[Date "2019.08.06"]
[Round "6"]
[White "Zq1"]
[Black "BlitzWizard04"]
[Result "0-1"]
[WhiteElo "2564"]
[BlackElo "2453"]
[TimeControl "180+2"]
[EndTime "14:24:19 PDT"]
[Termination "BlitzWizard04 won by resignation"]

1. d4 Nf6 2. c4 g6 3. Nc3 Bg7 4.
e4 O-O 5. Nf3 d6 6. Be2 e5 7. O-O Nc6 8. d5 Ne7 9. Ne1 Nd7 10. Be3 f5 11. f3 f4 12. Bf2 g5 13.
Nb5 b6 14. b4 Rf6 15. Nd3 Rh6 16. c5 a6 17. Nc3 Qe8 18. Be1 bxc5 19. bxc5 Nxc5 20. Nf2 Rg6 21. Rc1 h5 22. h3 Rb8 23.
Rb1 Rxb1 24. Qxb1 Nd7 25. Qb4 Nf6 26. Qb8 Kh7 27. Qxc7 g4 28. hxg4 hxg4 29. Nxg4 Nxg4 30. fxg4 Ng8 31. Rf3 Bxg4 32. Rd3 Bxe2 33. Rh3+ Nh6 34. Nxe2 Qb5 35. Qc2 Qd7 36. Qd3 Kg8 37. Rh4 Ng4 38.
Qh3 Qa7+ 39. Kh1 Ne3 40. Qc8+ Bf8 41. Bf2 Qb6 42. Qe8 Qb1+ 43. Ng1 Qxe4 44. Nf3 Nxg2 45. Rh8+ Kxh8 46. Qxf8+ Kh7 47. Qf7+ Kh6 48. Qf8+ Rg7 49.
Qh8+ Qh7 50. Qd8 Qb1+ 51. Kh2 Qg6 52. Qh8+ Qh7 53. Qd8 Ne3 54. Bh4 Qc2+ 0-1

[Event "*** Titled Tuesday Blitz"]
[Site "Chess.com"]
[Date "2019.08.06"]
[Round "6"]
[White "pedromartinez91"]
[Black "Agent-JL"]
[Result "0-1"]
[WhiteElo "2447"]
[BlackElo "2368"]
[TimeControl "180+2"]
[EndTime "14:24:30 PDT"]
[Termination "Agent-JL won by checkmate"]

1. e4 c5 2. Nf3 e6 3. Bc4 Nc6 4. O-O Qc7 5. a3 Nf6 6. d3 Ng4 7. h3 h5 8. c3 a6 9. Qe2 b5 10. Ba2 Bb7 11. Bg5 Be7 12. Bxe7 Nxe7 13. Nbd2 Ng6 14.
Rfe1 Nf4 15. Qf1 Ng6 16. d4 c4 17. e5 Nh6 18. Bb1 Ne7 19. Be4 Nd5 20. Bxd5 Bxd5 21. Ne4 Bxe4 22. Rxe4 Nf5 23. Qc1 d5 24. exd6 Qxd6 25.
Qg5 Qe7 26. Rae1 Qxg5 27. Nxg5 O-O 28. R4e2 Rad8 29. Ne4 Rd5 30. Nc5 a5 31. Re5 Rxe5 32. Rxe5 Rb8 33. Kf1 g6 34. Nd7 Rb7 35. Nf6+ Kg7 36.
Ne4 Rb6 37. Nd2 Nd6 38. Ke2 Kf6 39. g4 hxg4 40. hxg4 Ke7 41. Rc5 Kd7 42. Ke3 f6 43. f3 Nb7 44. g5 Nxc5 45. dxc5 Rc6 46. gxf6 Rxc5 47. Ne4 Rf5 48. f4 e5 49. fxe5 Rxe5 50.
Kd4 Rxe4+ 51. Kxe4 Ke6 52. a4 bxa4 53. f7 Kxf7 54. Kd4 g5 55. Kxc4 Ke6 56. Kd4 Kd6 57. Ke4 Kc5 58. Kf5 Kc4 59. Kxg5 Kb3 60. Kf4 Kxb2 61. c4 a3 62. c5 a2 63. c6 a1=Q 64. c7 Qc1+ 65. Ke4 Qxc7 66. Kd5 a4 67. Ke6 a3 68.
Kf5 a2 69. Kg4 a1=Q 70. Kh3 Qg1 71. Kh4 Qh7# 0-1

[Event "*** Titled Tuesday Blitz"]
[Site "Chess.com"]
[Date "2019.08.06"]
[Round "6"]
[White "Fandorine"]
[Black "Atakishiyev04"]
[Result "0-1"]
[WhiteElo "2865"]
[BlackElo "2641"]
[TimeControl "180+2"]
[EndTime "14:24:34 PDT"]
[Termination "Atakishiyev04 won by resignation"]

1. e4 e6 2. d4 d5 3. Nc3 h6 4. exd5 exd5 5. Bd3 Nf6 6. Nf3 Bd6 7.
O-O O-O 8. h3 a6 9. Re1 Re8 10.
Rxe8+ Qxe8 11. Be3 c6 12. Qd2 Ne4 13. Bxe4 dxe4 14.
Ne5 Bb4 15. a3 Bxc3 16. Qxc3 Be6 17. Qb4 b5 18. Qd6 f6 19. Ng6 Bxh3 20. Nf4 Qd7 21. Qc5 Bg4 22. d5 g5 23. dxc6 Qxc6 24. Nd5 Qxc5 25.
Bxc5 Nd7 26. Bd4 Kf7 27. a4 Be6 28. Nc7 Rc8 29. Nxa6 Rc4 30. a5 Rxd4 31. Nc7 Rc4 32. Nxb5 Rxc2 33. a6 Bd5 34. b4 e3 35. f3 g4 36. Nd4 Rd2 37. Nf5 e2 38. Re1 gxf3 39.
gxf3 Ne5 40. Kf2 Nd3+ 41. Ke3 Nxe1 42. Kxd2 Nd3 43. Kxe2 Nxb4 44. a7 Ke6 45. Nxh6 Bb7 46. Ke3 Nc6 47. f4 f5 48. Nxf5 Kxf5 49. Kd3 Nxa7 50. Kc4 Kxf4 51. Kd4 Nc8 52. Kd3 Be4+ 53. Kd4 Ne7 54. Kc5 Ke5 55. Kc4 Bd5+ 56. Kc5 Nc6 57. Kb5 Kd6 58. Kb6 Bc4 59. Kb7 Nd4 60. Kb6 Nb3 61.
Kb7 Bb5 62. Kb6 Bc6 63. Ka6 Kc7 64. Ka7 Bb5 65. Ka8 Nd2 66. Ka7 Nc4 67. Ka8 Nb6+ 68.
Ka7 Nc8+ 0-1

[Event "*** Titled Tuesday Blitz"]
[Site "Chess.com"]
[Date "2019.08.06"]
[Round "6"]
[White "cukus"]
[Black "Karacsonyi_Gellert"]
[Result "1-0"]
[WhiteElo "2417"]
[BlackElo "2508"]
[TimeControl "180+2"]
[EndTime "14:24:36 PDT"]
[Termination "cukus won by resignation"]

1. e4 c5 2. Nf3 Nc6 3. d4 cxd4 4. Nxd4 g6 5. Nc3 Bg7 6. Be3 Nf6 7. Bc4 O-O 8. Bb3 Re8 9. f3 e6 10. f4 d5 11. e5 Nd7 12. O-O f6 13. Nxe6 Rxe6 14. Qxd5 Nf8 15. Qxd8 Nxd8 16. exf6 Bxf6 17. f5 gxf5 18.
Rxf5 Kg7 19. Bxe6 Bxe6 20. Rf3 Ng6 21. Bh6+ Kxh6 22. Rxf6 Kg7 23. Raf1 Bc4 24. R1f2 Nc6 25. b3 Bg8 26. h3 Re8 27. Kh2 Nd4 28. Rd6 Nc6 29. Nb5 a6 30. Nd4 Nxd4 31. Rxd4 Re7 32. c4 Ne5 33. a4 h5 34. a5 Nc6 35. Rd3 Nxa5 36. Rf5 Nc6 37. Rg3+ Kh8 38. Rxh5+ Bh7 39. h4 Nd4 40. Rd5 Ne6 41. Re5 Bg8 42. Rge3 Kg7 43. h5 Kf6 44. g4 Rg7 45. Rf5+ Ke7 46. g5 Kd6 47. g6 Nd4 48. Rf6+ Kc5 49. h6 Rd7 50. Rf8 Bh7 51. Rf7 Rd6 52. Rxh7 Rxg6 53. Rh8 Nc2 54. Rg3 Rf6 55. Rc8+ Kb4 56. h7 Rf2+ 57. Rg2 Rf4 58. h8=Q Nd4 59. Qe5 Nf3+ 60. Kg3 Rg4+ 61. Kxf3 Rxg2 62. Kxg2 1-0

[Event "*** Titled Tuesday Blitz"]
[Site "Chess.com"]
[Date "2019.08.06"]
[Round "6"]
[White "vpsetter"]
[Black "MarianPetrov"]
[Result "0-1"]
[WhiteElo "2635"]
[BlackElo "2563"]
[TimeControl "180+2"]
[EndTime "14:24:48 PDT"]
[Termination "MarianPetrov won by resignation"]

1. e4 c5 2. Nf3 Nc6 3. d4 cxd4 4. Nxd4 Qb6 5. Nb3 Nf6 6. Nc3 e6 7. Bd3 a6 8. O-O d6 9. a4 Qc7 10. a5 Bd7 11. f4 Be7 12. Be3 O-O 13. Na4 Nb4 14.
Nb6 Rad8 15. Nxd7 Rxd7 16. c3 Nxd3 17. Qxd3 d5 18. e5 Ne4 19. Bd4 Qc4 20. Qd1 f6 21.
Nd2 Nxd2 22. Qxd2 f5 23. b4 h6 24. Rae1 g5 25. fxg5 hxg5 26. g4 f4 27. h4 Bd8 28.
hxg5 Bxg5 29. Rf3 Rg7 30. Re2 Bh4 31. Rg2 Bg3 32. Bf2 Qe4 33. Qd1 Bxf2+ 34. Kxf2 Qxe5 35. Qd4 Qe4 36. g5 e5 37. Qd2 Rd8 38. Rh3 d4 39. Qa2+ Qd5 40. c4 Qe6 41. Rh6 Rg6 42. Rxg6+ Qxg6 43. c5+ Kg7 44. Qe2 e4 45. Qg4 e3+ 46.
Kf3 Qc6+ 47. Kxf4 Re8 48. Kg3 Qc7+ 49. Qf4 Qxf4+ 50. Kxf4 e2 0-1

[Event "*** Titled Tuesday Blitz"]
[Site "Chess.com"]
[Date "2019.08.06"]
[Round "6"]
[White "Karina_Ivanova"]
[Black "2nd_life"]
[Result "0-1"]
[WhiteElo "2170"]
[BlackElo "2456"]
[TimeControl "180+2"]
[EndTime "14:24:52 PDT"]
[Termination "2nd_life won on time"]

1. Nf3 Nf6 2. g3 d5 3. Bg2 c6 4.
O-O Bg4 5. h3 Bxf3 6. Bxf3 e6 7.
d3 Nbd7 8. c4 Ne5 9. Bg2 dxc4 10. d4 Ned7 11. Qc2 Nb6 12. Rd1 Bb4 13. Nd2 Qxd4 14.
Ne4 Qe5 15. Bf4 Qa5 16. Nd6+ Bxd6 17. Bxd6 O-O-O 18. b3 Rxd6 19. Rxd6 cxb3 20. Qxb3 Nfd5 21. e4 Qc5 22. e5 Qc3 23. Qxc3 Nxc3 24. Rd2 Ncd5 25.
f4 h5 26. h4 g6 27. Rc1 Kc7 28. Kf2 a5 29. Rc5 Ra8 30. Bf3 a4 31. f5 Nd7 32. Rc1 gxf5 33. Bxd5 exd5 34. Rxd5 a3 35.
Rd3 Nxe5 36. Rdc3 Rd8 37. R1c2 Ng4+ 38. Kf3 Rd1 39. Rxa3 Rf1+ 40. Ke2 Rf2+ 41. Kd1 Rf1+ 42. Ke2 Rf2+ 43. Kd1 f4 44. gxf4 Rxf4 45. Rd3 Nf2+ 46.
Ke2 Nxd3 47. Kxd3 Rxh4 48. Rf2 Ra4 49. Rxf7+ Kb6 50. Rf2 h4 51. Kc3 h3 52. Kb3 Rh4 53.
Rh2 c5 54. a4 Kc6 55. Ka3 b5 56. axb5+ Kxb5 57. Kb3 c4+ 58. Kc3 Kc5 59. Rf2 h2 60.
Rf5+ Kd6 0-1

[Event "*** Titled Tuesday Blitz"]
[Site "Chess.com"]
[Date "2019.08.06"]
[Round "6"]
[White "jlandaw"]
[Black "Chess_Boxer123"]
[Result "0-1"]
[WhiteElo "2447"]
[BlackElo "2433"]
[TimeControl "180+2"]
[EndTime "14:24:55 PDT"]
[Termination "Chess_Boxer123 won by resignation"]

1. e4 c5 2. Nc3 g6 3. g3 Bg7 4.
Bg2 e6 5. d3 Nc6 6. Be3 d6 7.
f4 Nge7 8. Nf3 O-O 9. O-O b6 10. d4 cxd4 11. Nxd4 Bb7 12. Rf2 Qd7 13. Nxc6 Bxc6 14.
Rd2 Rad8 15. Qe2 Qb7 16. Rad1 d5 17. e5 Nf5 18. Bf2 Rd7 19. Nb5 Qa6 20. Nd4 Qxe2 21.
Rxe2 Nxd4 22. Bxd4 Rc8 23. g4 Bb5 24. Rf2 Bf8 25. f5 Bc5 26. c3 Bxd4 27. Rxd4 Rc4 28. fxe6 fxe6 29. Rf6 Re7 30. Kf2 Rxd4 31. cxd4 Be8 32.
Ke3 Bf7 33. Bf1 Rc7 34. Kd2 Kf8 35. Bd3 Ke7 36. h4 Rc8 37. h5 Rg8 38. h6 a5 39. Rf1 Rc8 40. Rc1 Rxc1 41. Kxc1 Be8 42. Kc2 b5 43. Kb3 Kd8 44. Kc3 Kc7 45. Kd2 Kd8 46.
Ke3 Ke7 47. Kf4 Kf7 48. Kg5 b4 49. Bc2 Bb5 50. Kf4 a4 51. Ke3 a3 52. bxa3 bxa3 53. Kd2 Bc4 54. Bb1 Kf8 55. Kc3 Kg8 56. Kb4 g5 57.
Kxa3 Be2 58. Kb4 Bxg4 59. a4 Be2 60. Kc5 g4 61. Kd6 g3 62. Bf5 g2 63. Bxe6+ Kf8 64. Bxd5 g1=Q 65. e6 Qxd4 66. a5 Qb4+ 67. Ke5 0-1

[Event "*** Titled Tuesday Blitz"]
[Site "Chess.com"]
[Date "2019.08.06"]
[Round "6"]
[White "Marcus_Harvey"]
[Black "Dhaydon19"]
[Result "1-0"]
[WhiteElo "2768"]
[BlackElo "2607"]
[TimeControl "180+2"]
[EndTime "14:24:58 PDT"]
[Termination "Marcus_Harvey won by checkmate"]

1. d4 c6 2. e4 d5 3. e5 Bf5 4. h4 h5 5. Bd3 Bxd3 6. Qxd3 e6 7.
Nf3 Ne7 8. Bg5 Qb6 9. Nbd2 Nd7 10.
c4 Nf5 11. O-O Be7 12. Bxe7 Nxe7 13. b4 Nf5 14. c5 Qc7 15. b5 O-O 16. Rab1 b6 17.
bxc6 Qxc6 18. Rfc1 bxc5 19. dxc5 Rfb8 20. Rxb8+ Rxb8 21. Nd4 Nxd4 22. Qxd4 Qc7 23. f4 Rc8 24. Nb3 g6 25.
Rc3 Rb8 26. c6 Nb6 27. Na5 Rc8 28. Rc5 Qe7 29. g3 Rc7 30. Qb4 Kg7 31. Rb5 Qd8 32.
Kf2 Qc8 33. Rxb6 axb6 34. Qxb6 Re7 35. Ke3 f6 36. Kd4 fxe5+ 37. fxe5 Qf8 38. Kc5 Qf2+ 39.
Kb5 Qb2+ 40. Ka6 Qxe5 41. Qc5 Qe2+ 42. Kb6 Qb2+ 43. Nb3 Qf6 44. c7 e5+ 45. Qc6 Qf2+ 46. Qc5 Re6+ 47. Kb7 Qf7 48. Qxd5 e4 49. Nc5 Rb6+ 50. Kxb6 Qxd5 51. c8=Q e3 52. Qc7+ Kh6 53. Qf4+ Kh7 54. Qxe3 Qxa2 55. Qe7+ Kh6 56. Qg5+ Kh7 57. Qe7+ Kh6 58. Qd6 Qb2+ 59. Kc7 Qg7+ 60. Nd7 Qc3+ 61. Nc5 Qg7+ 62. Kc6 Qc3 63. Qf4+ Kh7 64. Qf7+ Kh6 65.
Qf8+ Kh7 66. Kd7 Qxg3 67. Qe7+ Kh6 68. Ne6 Qd3+ 69. Ke8 Qc3 70. Qf8+ Kh7 71. Ng5# 1-0

[Event "*** Titled Tuesday Blitz"]
[Site "Chess.com"]
[Date "2019.08.06"]
[Round "6"]
[White "JSMastropiero"]
[Black "Th3ChessViking"]
[Result "0-1"]
[WhiteElo "2319"]
[BlackElo "2413"]
[TimeControl "180+2"]
[EndTime "14:24:59 PDT"]
[Termination "Th3ChessViking won by resignation"]

1. d4 Nf6 2. c4 c5 3. d5 e5 4. Nc3 d6 5. g3 Nbd7 6. Bg2 Be7 7. e4 a6 8. Nge2 O-O 9. a3 Rb8 10. Rb1 b5 11. cxb5 axb5 12. b4 cxb4 13. axb4 Ba6 14. Ra1 Ra8 15. O-O Nb6 16. Nb1 Nc4 17. Nd2 Qc7 18. Qc2 Rfc8 19. Nxc4 Qxc4 20. Qxc4 Rxc4 21.
Bd2 Nxe4 22. Bxe4 Rxe4 23. Nc3 Rxb4 24. Ra5 Bb7 25. Rxb5 Rxb5 26. Nxb5 Ba6 27. Ra1 Bb7 28. Rd1 Ra4 29. Be3 Ra5 30. Nc3 f5 31. Rb1 Bxd5 32. Nxd5 Rxd5 33. Rb7 Kf8 34. Rb8+ Kf7 35. Rb7 h6 36. h4 Ke6 37. h5 f4 38. gxf4 exf4 39. Bxf4 Rxh5 40. Kf1 Rf5 41. Bg3 g5 42. Ke2 h5 43. Rb6 h4 44. Bh2 Rd5 45. Rb3 Bf6 46. Re3+ Kf5 47. Re8 Be5 48. Rf8+ Kg6 49. f4 Bxf4 50.
Bxf4 gxf4 51. Rxf4 Kg5 52. Rf8 Re5+ 53. Kd3 h3 54.
Rh8 Kg4 55. Rh6 d5 56. Kd4 Rh5 57. Rg6+ Kf3 58. Rf6+ Kg3 59. Ke3 Re5+ 60. Kd4 Rg5 61. Ke3 h2 62. Rf3+ Kg2 63. Rf2+ Kg1 64. Rd2 h1=Q 65.
Rd1+ Kh2 66. Rd2+ Rg2 67. Rxd5 Rg3+ 68. Kd4 Rd3+ 69. Kxd3 Qxd5+ 0-1

[Event "*** Titled Tuesday Blitz"]
[Site "Chess.com"]
[Date "2019.08.06"]
[Round "6"]
[White "underdogchss"]
[Black "NTBT_DHS"]
[Result "1-0"]
[WhiteElo "2536"]
[BlackElo "2655"]
[TimeControl "180+2"]
[EndTime "14:25:04 PDT"]
[Termination "underdogchss won by resignation"]

1. d4 Nf6 2. Nf3 g6 3. c4 Bg7 4. Nc3 O-O 5. e4 d6 6. Be2 e5 7.
O-O Nc6 8. d5 Ne7 9. b4 Nh5 10.
g3 f5 11. Ng5 Nf6 12. Bf3 Rb8 13. b5 b6 14. Bb2 fxe4 15. Ncxe4 Nf5 16. Ne6 Bxe6 17. dxe6 Qe7 18. Nxf6+ Rxf6 19. Bd5 Rbf8 20. Qd3 h5 21. f4 Nd4 22. Bxd4 exd4 23. a4 h4 24. a5 hxg3 25. hxg3 g5 26. f5 Rh6 27. axb6 axb6 28. Kg2 Be5 29. Rh1 Rff6 30. Raf1 Kf8 31. Qa3 Kg7 32. Qc1 Rf8 33. Rxh6 Kxh6 34. Rh1+ Kg7 35.
g4 Rh8 36. Rxh8 Kxh8 37. Qh1+ Kg7 38. Qh5 Bf6 39. Qg6+ Kf8 40. Kf3 Qg7 41. Qh5 d3 42. Ke3 Bc3 43. Qf7+ Qxf7 44. exf7 d2 45. Ke2 Ke7 46.
Kd1 Bb4 47. f6+ Kf8 48. Ke2 Bc3 49. Kd1 Bb4 50. Kc2 Bc3 51. Kd1 Bxf6 52. Kxd2 Bg7 53. Kd3 Ke7 54. Ke4 Kf6 55. Kd4 Kg6+ 56. Ke4 Kf6 57. Ke3 Ke5 58. Kf3 Kd4 59. Be6 Kd3 60. Bd5 Kd4 61. Be6 Bf8 62. Bd5 Kc5 63. Be6 c6 64. bxc6 Kxc6 65. Ke4 Kc5 66. Kf5 Be7 67.
Kg6 b5 68. cxb5 Kxb5 69. Kg7 Kc5 70. f8=Q Bxf8+ 71. Kxf8 d5 72. Kg7 d4 73. Bf5 Kc4 74. Kg6 d3 75. Bxd3+ Kxd3 76. Kxg5 Kd4 77. Kf6 Kd5 78.
g5 Kd6 79. g6 Kd7 1-0

[Event "*** Titled Tuesday Blitz"]
[Site "Chess.com"]
[Date "2019.08.06"]
[Round "6"]
[White "GMMarcinDziuba"]
[Black "joppie2"]
[Result "1-0"]
[WhiteElo "2728"]
[BlackElo "2880"]
[TimeControl "180+2"]
[EndTime "14:25:15 PDT"]
[Termination "GMMarcinDziuba won by resignation"]

1. Nf3 d5 2. g3 g6 3. Bg2 Bg7 4.
O-O e5 5. d3 Ne7 6. e4 O-O 7. Bg5 d4 8. a4 h6 9. Bd2 c5 10. Na3 Nbc6 11. Nc4 Be6 12. Nh4 Kh7 13. Qe2 g5 14. Nf3 Ng6 15. Kh1 Qe7 16. Ng1 Rae8 17. Bf3 f5 18. exf5 Bxf5 19. Rae1 Qd7 20. Be4 Kh8 21.
Qh5 Kg8 22. b3 Nce7 23. Qe2 Nd5 24. Kg2 Bg4 25. f3 Bf5 26. Bxf5 Rxf5 27. Qe4 Nf6 28. Qe2 Qc6 29. h3 h5 30. Kh2 Qc7 31. Kh1 Qc6 32. Kh2 Qc7 33. Kh1 e4 34. fxe4 Rxf1 35.
Rxf1 Qxg3 36. Qg2 Qxg2+ 37. Kxg2 g4 38. Bg5 Nd7 39. hxg4 hxg4 40. Ne2 Nde5 41. Nxe5 Bxe5 42. Ng3 Rf8 43. Rxf8+ Kxf8 44. Nf5 Kf7 45. Nh6+ Ke6 46. Nxg4 a6 47. Kf3 b5 48. axb5 axb5 49. Nh6 Bh8 50. Bf4 Be5 51. Bxe5 Nxe5+ 52. Kf4 c4 53. bxc4 bxc4 54.
dxc4 Ng6+ 55. Kf3 Ne5+ 56. Ke2 Kd6 57. Nf5+ Kc5 58. Kd2 Nxc4+ 59. Kd3 Ne5+ 60. Kd2 Nc4+ 61. Ke2 Na3 62. Kd3 Nb5 63. e5 Kd5 64. e6 Nc7 65.
Nxd4 Ke5 66. Kc4 Kd6 67. Nb5+ 1-0

[Event "*** Titled Tuesday Blitz"]
[Site "Chess.com"]
[Date "2019.08.06"]
[Round "6"]
[White "Mr_Penings"]
[Black "Konavets"]
[Result "1/2-1/2"]
[WhiteElo "2521"]
[BlackElo "2996"]
[TimeControl "180+2"]
[EndTime "14:25:16 PDT"]
[Termination "Game drawn by repetition"]

1. c4 f5 2. g3 Nf6 3. Bg2 g6 4.
Nc3 Bg7 5. d3 O-O 6. e4 d6 7.
Nge2 e5 8. O-O Nc6 9. Nd5 h6 10.
h3 fxe4 11. dxe4 g5 12. Be3 Be6 13. Qd2 Qd7 14. Kh2 Rf7 15. f3 Raf8 16. b4 Ne7 17. Rad1 Ng6 18. c5 Bxd5 19. exd5 Ne7 20. f4 gxf4 21.
gxf4 Nh5 22. Kg1 Ng6 23. fxe5 Nxe5 24. Nd4 Nc4 25. Qe2 Nxe3 26. Qxe3 Bxd4 27. Rxd4 Rxf1+ 28. Bxf1 Qf5 29. Rg4+ Ng7 30. Bd3 Qf6 31. Rg6 Qa1+ 32. Kh2 Qxa2+ 33. Rg2 Qxd5 34. Qxh6 Qe5+ 35. Kh1 Rf7 36.
cxd6 cxd6 37. Qh7+ Kf8 38. Qh8+ Ke7 39. Re2 Qe6 40.
Rxe6+ Nxe6 41. Qh4+ Rf6 42. Bc4 Nf4 43. Qh7+ Kd8 44. h4 d5 45. Bb5 Rd6 46. h5 a6 47.
Ba4 b5 48. Bc2 d4 49. Qg8+ Ke7 50. Qg5+ Rf6 51. Qc5+ Ke8 52. Qe5+ Kf7 53. Qxd4 Ne6 54. Qd7+ Kf8 55. Bg6 Ng5 56. Qe8+ Kg7 57. Qe7+ Nf7 58.
Bxf7 Rxf7 59. h6+ Kg6 60. Qe6+ Rf6 61. Qh3 Kh7 62. Qd3+ Rg6 63. Kh2 Kxh6 64. Qd7 Kg5 65. Kg3 Rf6 66. Qd5+ Rf5 67. Qe6 Rf6 68. Qe7 Kf5 69.
Kf3 Re6 70. Qc5+ Re5 71. Qc6 Re6 72. Qd5+ Kf6 73. Qc5 Re5 74. Qd6+ Re6 75. Qd4+ Kf5 76. Qd5+ Kf6 77. Qd4+ Kf5 78. Qd5+ 1/2-1/2

[Event "*** Titled Tuesday Blitz"]
[Site "Chess.com"]
[Date "2019.08.06"]
[Round "6"]
[White "aleccable"]
[Black "Usurpov"]
[Result "1/2-1/2"]
[WhiteElo "2309"]
[BlackElo "2387"]
[TimeControl "180+2"]
[EndTime "14:25:20 PDT"]
[Termination "Game drawn by agreement"]

1. e4 c5 2. Nc3 e6 3. f4 d5 4. d3 Nc6 5. Be2 dxe4 6. dxe4 Qxd1+ 7. Bxd1 Bd7 8. Nf3 Nf6 9. Be3 Be7 10. h3 O-O 11. O-O Rfd8 12. Be2 Be8 13. Rfd1 Nb4 14. Rxd8 Rxd8 15. Rc1 a6 16. a3 Nc6 17. Rd1 Rxd1+ 18. Bxd1 Nd7 19. e5 f6 20. exf6 gxf6 21. g4 Bf7 22. Be2 Bg6 23. Bc4 Bf7 24. Ne4 b5 25.
Ba2 c4 26. c3 Bg6 27. Ng3 Nc5 28.
f5 exf5 29. Nxf5 Bf8 30. Bxc5 Bxc5+ 31. Kf1 Bxf5 32. gxf5 Be3 33. b3 cxb3 34. Bxb3+ Kf8 35. a4 Ke7 36. axb5 axb5 37. Ke2 Bh6 38. Bd5 Nd8 39. Bg8 Bf4 40. Bxh7 Nf7 41. Bg8 Nd6 42. Be6 Bh6 43.
Nh2 Ne4 44. c4 bxc4 45. Bxc4 Ng3+ 46. Kf3 Nxf5 47. Ng4 Bg5 48. Bd3 Nd6 49. Ne3 Ke6 50.
Nc4 Nf7 51. Kg4 Bc1 52. Bf5+ Kd5 53. Bd3 Kd4 54. Bf1 Ke4 55. h4 f5+ 56. Kg3 f4+ 57. Kf2 Nh6 58. Bg2+ Kf5 59. Nd6+ Kg4 60. Be4 Kxh4 61.
Nf5+ Nxf5 62. Bxf5 Kg5 63. Be4 Kf6 64. Kf3 Ke5 65.
Bc2 Be3 66. Be4 Kd4 67. Bc2 Kc3 68. Bg6 Kd2 69. Bh7 Kc3 70. Bg6 Kd4 71. Bh7 1/2-1/2

[Event "*** Titled Tuesday Blitz"]
[Site "Chess.com"]
[Date "2019.08.06"]
[Round "6"]
[White "GMHess"]
[Black "Jospem"]
[Result "1/2-1/2"]
[WhiteElo "2800"]
[BlackElo "2915"]
[TimeControl "180+2"]
[EndTime "14:25:21 PDT"]
[Termination "Game drawn - insufficient material"]

1. d4 Nf6 2. c4 e6 3. Nc3 Bb4 4. Qc2 O-O 5. a3 Bxc3+ 6. Qxc3 b6 7. Nf3 Bb7 8. Bg5 d6 9. e3 Nbd7 10. Rd1 Ne4 11. Bxd8 Nxc3 12. Rd3 Rfxd8 13. Rxc3 c5 14. Be2 Nf6 15. O-O Kf8 16. Rd1 Ke7 17. dxc5 bxc5 18.
b4 cxb4 19. axb4 a5 20. b5 Ne4 21. Ra3 d5 22. Rda1 dxc4 23. Bxc4 Nc5 24. Rxa5 Rxa5 25.
Rxa5 Rd1+ 26. Bf1 Be4 27. Ra7+ Ke8 28. h4 Bd3 29. Nh2 Bxb5 30. Ra5 Bxf1 31. Nxf1 Nd3 32.
Ra2 h5 33. Rd2 Rxd2 34. Nxd2 Ke7 35. g3 Kf6 36. Kg2 Kf5 37. Nf3 e5 38. Ng5 f6 39. e4+ Kg6 40. Nf3 Kf7 41. Kf1 Nc5 42. Nd2 g6 43. Ke2 Ke6 44. Ke3 f5 45. f3 Kf6 46. f4 exf4+ 47. Kxf4 Ne6+ 48. Ke3 fxe4 49. Kxe4 Nc5+ 50. Kf3 Kf5 51. Nc4 Ne6 52. Ne3+ Ke5 53. Nc4+ Kd4 54. Nd2 Ke5 55. Nc4+ Kd4 56. Nd6 Kd5 57.
Nf7 Nd4+ 58. Ke3 Nf5+ 59. Kf4 Ke6 60. Ne5 Ne7 61. Nxg6 Nxg6+ 62. Kg5 Ne5 63. Kxh5 Kf5 64. Kh6 Kf6 65. Kh5 Ng6 66. Kg4 Ne5+ 67. Kf4 Ng6+ 68.
Ke4 Ne5 69. g4 Nf7 70. h5 Kg5 71. h6 Nh8 72. h7 Kg6 73. Kd3 Kg7 74. Kc2 Nf7 75.
Kb1 Kh8 76. g5 Ne5 77. g6 Nxg6 78. Ka1 Ne5 79. Kb1 Nc6 80. Ka1 Na5 81. Kb1 Nb7 82.
Ka1 Nd6 83. Kb1 Nc8 84. Ka1 Ne7 85. Kb1 Ng6 86. Ka1 Nh4 87. Kb1 Nf3 88. Ka1 Nh2 89.
Kb1 Nf1 90. Ka1 Ne3 91. Kb1 Nc2 92. Ka2 Na1 93. Kxa1 Kxh7 1/2-1/2